 Dungeon Crawl Stone Soup version 0.18-a0-921-g28655ce (webtiles) character file.

374 4thArraOfDagon the Chopper (level 6, -2/53 HPs)
             Began as a Hill Orc Gladiator on Dec 27, 2015.
             Was an Initiate of the Shining One.
             Slain by an ogre
             ... wielding a +0 giant club
              (8 damage)
             ... on level 6 of the Dungeon.
             The game lasted 00:03:21 (678 turns).

4thArraOfDagon the Chopper (Hill Orc Gladiator)      Turns: 678, Time: 00:03:21

Health: -2/53      AC:  8    Str: 20    XL:     6   Next: 72%
Magic:  6/6        EV: 10    Int:  8    God:    the Shining One [......]
Gold:   9          SH:  0    Dex: 11    Spells: 0 memorised, 5 levels left

rFire  . . .     SeeInvis .     a - +0 war axe
rCold  . . .     Gourm    .     e - +0 scale mail
rNeg   . . .     Faith    .     (no shield)
rPois  .         Spirit   .     c - +0 helmet
rElec  .         Dismiss  .     (no cloak)
rCorr  .         Reflect  .     (no gloves)
SustAt .         Harm     .     (no boots)
MR     .....                    (no amulet)
Stlth  ..........               (no ring)
                                (no ring)

@: not resistant to hostile enchantments, extremely unstealthy
A: no striking features
a: Renounce Religion


You were on level 6 of the Dungeon.
You worshipped the Shining One.
The Shining One was noncommittal.
You were not hungry.

You visited 1 branch of the dungeon, and saw 6 of its levels.

You collected 41 gold pieces.
You spent 32 gold pieces at shops.

Inventory:

Hand Weapons
 a - a +0 war axe (weapon)
Missiles
 d - a throwing net (quivered)
Armour
 c - a +0 helmet (worn)
 e - a +0 scale mail (worn)
Scrolls
 b - 2 scrolls of blinking
 h - 2 scrolls of remove curse
Potions
 i - a potion of curing {unknown}
 j - a potion of beneficial mutation {unknown}
Comestibles
 f - a beef jerky


   Skills:
 + Level 4.7 Fighting
 * Level 7.2 Axes
 - Level 1.7 Throwing
 + Level 3.4 Armour
 - Level 2.4 Dodging


You had 5 spell levels left.
You didn't know any spells.

Dungeon Overview and Level Annotations

Branches:
Dungeon (6/15)
 Temple: D:4-7

Altars:
Cheibriados
Gozag
Qazlal
Zin
The Shining One

Shops:
D:4 (   D:5 %

Annotations:
D:3 Ijyb
D:4 Blork the orc


Message History

As you read the scroll labeled JITWUI DIZIARO, it crumbles to dust.
It is a scroll of amnesia.
You feel forgetful for a moment.
Read which item? (? for menu, Esc to quit)
As you read the scroll labeled HAUCUSCHAA, it crumbles to dust.
It is a scroll of recharging.
You aren't carrying any rechargeable items.
You barely miss the ogre. The ogre hits you with a giant club!!
You hit the ogre but do no damage. The ogre hits you with a giant club!
You barely miss the ogre. The ogre closely misses you.
You hit the ogre.
The ogre is lightly wounded.
The ogre hits you with a giant club!!
* * * LOW HITPOINT WARNING * * *
You hit the ogre.
The ogre is moderately wounded.
You hit the ogre but do no damage.
The ogre is moderately wounded.
The ogre hits you with a giant club!
You die...

#...#..##... #..
....#..#...## ..
...#.#....##. .
#..$...........
#....$......... ##..#
......# ######
#..#....#.......#
##....##
###O####.#.##......
#..###.## ##.@##
.##.#.#.#. #.##
##.###..## ###...###..##
##.#
#.......####...###.....#
###..### ##............#
#..... .......##
####..#####..# #.....
........# #..# #..#
###.### .....#..# #..#
##.# ##.....# ....###.#
##.# ##.###.8...8. #..##
.# ..# #....#.......


You could see an ogre.

Vanquished Creatures
  Menkaure (D:4)
  A hungry ghost (D:5)
  An ice beast (D:6)
  A worker ant (D:6)
  A hound skeleton (D:4)
  3 bats
  3 hobgoblins
  2 jackals (D:1)
  A kobold (D:1)
  A giant cockroach (D:4)
  A giant newt (D:2)
16 creatures vanquished.

Notes
Turn   | Place    | Note
--------------------------------------------------------------
     0 | D:1      | 4thArraOfDagon the Hill Orc Gladiator began the quest for the Orb.
     0 | D:1      | Reached XP level 1. HP: 18/18 MP: 1/1
   115 | D:1      | Reached XP level 2. HP: 25/25 MP: 2/2
   131 | D:2      | Reached skill level 1 in Armour
   233 | D:3      | Noticed Ijyb
   267 | D:4      | Reached XP level 3. HP: 29/31 MP: 3/3
   268 | D:4      | Found a glowing silver altar of Zin.
   268 | D:4      | Found a snail-covered altar of Cheibriados.
   272 | D:4      | Found a stormy altar of Qazlal.
   272 | D:4      | Found a glowing golden altar of the Shining One.
   280 | D:4      | Became a worshipper of the Shining One
   329 | D:4      | Noticed Menkaure
   340 | D:4      | Killed Menkaure
   340 | D:4      | Reached skill level 5 in Axes
   340 | D:4      | Reached XP level 4. HP: 37/40 MP: 4/4
   340 | D:4      | Reached XP level 5. HP: 42/46 MP: 5/5
   352 | D:4      | Found Uwyh's Weapon Shoppe.
   353 | D:4      | Noticed Blork the orc
   390 | D:5      | Entered Level 5 of the Dungeon
   404 | D:5      | Found Kularoat's Food Shop.
   404 | D:5      | Noticed a hungry ghost
   448 | D:5      | Killed a hungry ghost
   448 | D:5      | Reached skill level 6 in Axes
   448 | D:5      | Reached XP level 6. HP: 40/53 MP: 6/6
   459 | D:5      | Bought a beef jerky for 16 gold pieces
   459 | D:5      | Bought a beef jerky for 16 gold pieces
   548 | D:6      | Found an opulent altar of Gozag.
   596 | D:6      | Reached skill level 7 in Axes
   678 | D:6      | Slain by an ogre

Vault maps used:
D:1:      erik_arrival_blinker_ship
D:2:      first_bread
D:3:      kennysheep_okawaru_gauntlet, overflow_temple_1_default,
          dk_yredelemnul_ordeal, uniq_iyjb
D:4:      gammafunk_temple_overflow_pools, grunt_temple_overflow_open,
          serial_shops, nicolae_shop_stone, minmay_surrounded,
          uniq_blork_the_orc, uniq_menkaure
D:5:      black_bear_nest_1, serial_shops, nicolae_shop_scaring_up_business
D:6:      serial_shops, shop, minmay_item_behind_shaft, grunt_gozag_statues

Action                   |  1- 3 |  4- 6 || total
-------------------------+-------+-------++-------
Melee: War axe           |    46 |    49 ||    95
Throw: Throwing net      |     1 |     4 ||     5
  Use: Scroll            |       |     4 ||     4
 Stab: Held in net/web   |       |     2 ||     2
  Eat: Bread ration      |       |     2 ||     2
       Beef jerky        |       |     2 ||     2
